 Dungeon Crawl Stone Soup version 0.19.1 (webtiles) character file.

165 Firecrotchwizard the Firebug (level 5, -12/28 HPs)
             Began as a Deep Elf Fire Elementalist on Dec 22, 2016.
             Mangled by an ogre
             ... wielding a +0 giant club
              (30 damage)
             ... on level 3 of the Dungeon.
             The game lasted 00:13:00 (2984 turns).

Firecrotchwizard the Firebug (DEFE)                 Turns: 2984, Time: 00:13:01

Health: -12/28     AC:  3    Str:  6    XL:     5   Next: 21%
Magic:  5/13       EV: 13    Int: 20    God:
Gold:   119        SH:  0    Dex: 15    Spells: 3 memorised, 4 levels left

rFire  . . .     SeeInvis .     j - +3 dagger
rCold  . . .     Gourm    .     a - +0 robe
rNeg   . . .     Faith    +     (no shield)
rPois  .         Spirit   .     (no helmet)
rElec  .         Reflect  .     f - +0 cloak
rCorr  .         Harm     .     (no gloves)
MR     .....                    (no boots)
Stlth  ++........               k - amulet of faith
                                (no ring)
                                (no ring)

@: very slightly contaminated
A: no striking features
a: no special abilities


You were on level 3 of the Dungeon.
You were very hungry.

You visited 1 branch of the dungeon, and saw 4 of its levels.

You collected 119 gold pieces.

Inventory:

Hand Weapons
 h - a +0 dagger
 j - a +3 dagger (weapon)
Armour
 a - a +0 robe (worn)
 f - a +0 cloak (worn)
Jewellery
 g - an uncursed amulet of regeneration
 k - an amulet of faith (around neck)
Wands
 o - a wand of acid (3/15)
Scrolls
 e - a scroll of magic mapping
 l - a scroll of identify {unknown}
 q - a scroll of enchant armour {unknown}
 r - a scroll of teleportation {unknown}
Potions
 d - a potion of curing {unknown}
 m - a potion of agility {unknown}
 n - a potion of mutation {unknown}
 s - 2 potions of lignification {unknown}
Books
 b - a book of Flames

   Spells                             Type                      Level
   a - Flame Tongue                   Conjuration/Fire             1
   b - Throw Flame                    Conjuration/Fire             2
   c - Conjure Flame                  Conjuration/Fire             3
   d - Inner Flame                    Hexes/Fire                   3
   e - Sticky Flame                   Conjuration/Fire             4
   f - Fireball                       Conjuration/Fire             5
Comestibles
 c - 3 bread rations
 i - a meat ration
 p - 3 fruits


   Skills:
 - Level 2.4 Dodging
 - Level 2.4 Stealth
 + Level 4.3 Spellcasting
 * Level 3.5 Conjurations
 * Level 4.7 Fire Magic
 + Level 0.2 Evocations


You had 4 spell levels left.
You knew the following spells:

 Your Spells              Type           Power        Failure   Level  Hunger
a - Flame Tongue          Conj/Fire      ###..        2%          1    None
b - Conjure Flame         Conj/Fire      ###.....     10%         3    ###....
c - Sticky Flame          Conj/Fire      ###.....     24%         4    ####...


Dungeon Overview and Level Annotations

Branches:
Dungeon (4/15)
 Temple: D:4-7

Altars:
Dithmenos
Fedhas
Makhleb
Ru


Message History

You are feeling very hungry.
The ogre misses you.
Casting: Sticky Flame
Confirm with . or Enter, or press ? or * to list all spells.
You don't have enough magic to cast that spell.
There is a stone staircase leading up here.
The ogre hits you with a giant club!
You climb upwards.
There is a stone staircase leading down here.
The orc closely misses you.
The orc priest begins to cast a cantrip, but forgets the words!
You climb downwards.
There is a stone staircase leading up here.
The orc completely misses you. The ogre completely misses you.
The orc priest misses you.
You climb upwards.
There is a stone staircase leading down here.
The orc hits you but does no damage. The ogre hits you with a giant club!!
Ouch! That really hurt!
You die...

#.........)..####.###...
#...........(...........
#............####...))..
#$...........#........>.
*****#..............##.......
**,,,##...........)...........
**,,,,..o.......##.##..#.......
*,,,,,.........o##.###.........
*,,,,,.......#@O##.# ###.......
*,,,,.o......#o###.# #.......
**,,,.......#..#*#.#####.......
**,,,*,,,,##.###..#...........
******#,*#..#...##........##.
#.##.##.####........##(
####....##.............#..
#.............#...........
##.#..........#####.####.#


You could see an ogre, 2 orc priests and an orc.

Vanquished Creatures
  4 gnolls (D:2)
  5 oozes
  2 worms (D:2)
  4 dart slugs
  2 leopard geckos (D:3)
  2 orcs (D:3)
  5 bats
  3 giant cockroaches
  8 goblins
  8 hobgoblins
  8 jackals (D:2)
  A quokka (D:3)
  A ball python (D:3)
  5 frilled lizards
  17 kobolds
  8 rats
83 creatures vanquished.

Notes
Turn   | Place    | Note
-------+----------+-------------------------------------------
     0 | D:1      | Firecrotchwizard the Deep Elf Fire Elementalist began the quest for the Orb.
     0 | D:1      | Reached XP level 1. HP: 10/10 MP: 6/6
   134 | D:1      | Reached XP level 2. HP: 15/15 MP: 4/8
   486 | D:1      | Reached XP level 3. HP: 19/19 MP: 8/10
   956 | D:1      | Learned a level 3 spell: Conjure Flame
  1056 | D:2      | Found a faded altar of an unknown god.
  1264 | D:2      | Found a burning altar of Makhleb.
  1280 | D:2      | Reached XP level 4. HP: 24/24 MP: 8/11
  1857 | D:2      | Found a sacrificial altar of Ru.
  2170 | D:2      | Found a shadowy altar of Dithmenos.
  2411 | D:3      | Learned a level 4 spell: Sticky Flame
  2522 | D:3      | Reached XP level 5. HP: 21/28 MP: 3/13
  2774 | D:3      | Found a blossoming altar of Fedhas.
  2967 | D:4      | Noticed an ogre
  2984 | D:3      | Mangled by an ogre

Skill      XL: |  1  2  3  4 |
---------------+-------------+-----
Conjurations   | 2 3 |  3.5
Fire Magic     | 4 |  4.7
Spellcasting   | 4 |  4.3
Dodging        | |  2.4
Stealth        | |  2.4
Evocations     | |  0.2

Action                   |  1- 3 |  4- 6 || total
-------------------------+-------+-------++-------
Melee: Dagger            |     4 |     4 ||     8
 Cast: Flame Tongue      |    63 |    88 ||   151
       Conjure Flame     |       |     1 ||     1
  Use: Scroll            |       |     3 ||     3
  Eat: Chunk             |     1 |     2 ||     3
       Fruit             |       |     1 ||     1
       Beef jerky        |       |     1 ||     1
Armor: Robe              |     4 |     5 ||     9
Dodge: Dodged            |    15 |    38 ||    53
